 Dungeon Crawl Stone Soup version 0.29-a0-542-g075992c915 (webtiles) character file.

Game seed: 6722754153700969418

532 BearFiend the Skirmisher (level 7, 91/91 HPs)
             Began as a Green Draconian Transmuter on June 4, 2022.
             Quit the game on level 4 of the Dungeon.
             The game lasted 00:18:35 (3551 turns).

BearFiend the Skirmisher (DrTm)                     Turns: 3551, Time: 00:18:35

Health: 91/91      AC:  6    Str: 18    XL:     7   Next: 3%
Magic:  10/10      EV: 12    Int: 16    God:
Gold:   243        SH:  0    Dex: 11    Spells: 7/10 levels left

rFire   . . .      SeeInvis .     - Unarmed
rCold   . . .      Faith    .   (no shield)
rNeg    . . .      Spirit   .   (body armour unavailable)
rPois   +          Reflect  .   (helmet currently unavailable)
rElec   .          Harm     .   (no cloak)
rCorr   .          Rampage  .   (no gloves)
Will    .....                   (boots currently unavailable)
Stlth   ..........              p - amulet of magic regeneration
HPRegen 0.25/turn               b - +6 ring of strength
MPRegen 0.52/turn               q - ring of poison resistance

@: berserking, appendages, very quick
A: horns 2, talons 2, breathe noxious fumes, AC +6, unfitting armour, poison
resistance, cold-blooded
a: Breathe Noxious Fumes, End Transformation


You were on level 4 of the Dungeon.
You had temporarily grown beastly horns and talons.
You visited 1 branch of the dungeon, and saw 4 of its levels.

You collected 243 gold pieces.

Inventory:

Jewellery
 b - a +6 ring of strength (left hand)
 p - an amulet of magic regeneration (around neck)
 q - a ring of poison resistance (right hand)
Scrolls
 c - a scroll of vulnerability {unknown}
 d - 2 scrolls of enchant weapon
 f - 3 scrolls of immolation {unknown}
 i - a scroll of noise {unknown}
 j - a scroll of enchant armour {unknown}
 n - 2 scrolls of fear {unknown}
 r - a scroll of magic mapping {unknown}
 s - a scroll of teleportation {unknown}
 t - a scroll of fog {unknown}
Potions
 a - a potion of lignification
 e - a potion of berserk rage
 g - 2 potions of might
 h - 2 potions of brilliance
 k - 2 potions of heal wounds
 l - a potion of curing {unknown}
 m - a potion of magic {unknown}
 o - a potion of invisibility {unknown}
 u - 2 potions of attraction


   Skills:
 * Level 5.2 Fighting
 - Level 1.7 Dodging
 - Level 3.0 Unarmed Combat
 - Level 2.0 Spellcasting
 * Level 5.0 Transmutations
 - Level 3.0 Ice Magic


You had 7 spell levels left.
You knew the following spells:

 Your Spells              Type           Power      Damage    Failure   Level
a - Beastly Appendage     Tmut           34%        N/A       2%          1
w - Wereblood             Tmut           17%        N/A       4%          2

Your spell library contained the following spells:

 Spells                   Type           Power      Damage    Failure   Level
 Ensorcelled Hibernation  Hex/Ice        12%        N/A       17%         2
 Spider Form              Tmut/Pois      9%         N/A       22%         3
 Ice Form                 Ice/Tmut       14%        N/A       36%         4
 Anguish                  Hex/Necr       0%         N/A       90%         4


Dungeon Overview and Level Annotations

Branches:
Dungeon (4/15)
 Temple: D:4-7

Altars:
Dithmenos

Shops:
D:2 [

Annotations:
D:1 2 transporters


Innate Abilities, Weirdness & Mutations

You have temporarily grown beastly horns and talons.
You can breathe blasts of noxious fumes.
Your lurid green scales are hard. (AC +6)
You cannot fit into any form of body armour.
Your system is resistant to poisons. (rPois)
You are cold-blooded and may be slowed by cold attacks.


Message History

You feel sick.
You feel sick.
You hit the goblin. You claw the goblin.
You feel a bit better.
You kill the goblin!
You howl as the wereblood boils in your veins!
You feel sick.
You feel sick.
Things that are here:
a +0 club; an adder corpse You feel sick.
You feel sick.
You are no longer poisoned.
You howl as the wereblood boils in your veins!
You howl as the wereblood boils in your veins!
Your primal bloodlust is almost over.
Your transformation is almost over.
Your primal bloodlust has ended.
Your horns disappear.
Your talons disappear.
HP restored.
The ogre shouts!
An ogre is nearby!
You grow a pair of large bovine horns.
Your feet morph into talons.
A red film seems to cover your vision as you go berserk!
You feel yourself moving faster!
You feel mighty!
You completely miss the ogre. You claw the ogre! You headbutt the ogre!
Your tail-slap misses the ogre.
The ogre is severely wounded.
You punch the ogre!
You kill the ogre!
Training target 3.0 for Ice Magic reached!
Your Fighting skill increases to level 5!
Your Transmutations skill increases to level 5!
Your Ice Magic skill increases to level 3!
You have reached level 7!
Your scales start taking on a lurid green colour.
You learn Poison Magic much quicker.
You can breathe blasts of noxious fumes.
You feel resistant to poisons.
Okay, then.
Are you sure you want to abandon this character and quit the game? (Confirm with "yes".)

.#$$)#.....#
.#[!?#.....#
.#####....##
..........#
........#.#
#####.#...#
#.#...#
...#)....#
.......@.#
#..###.).....#
##
#....###....
#..... #.
.......#
....###..
)..#. #..
#.... ...


There were no monsters in sight!

Vanquished Creatures
  An ogre (D:4)
  A necrophage (D:4)
  2 scorpions (D:4)
  A vampire bat (D:3)
  A jelly (D:3)
  5 adders
  An ufetubus (D:4)
  3 worms
  A dart slug (D:1)
  3 fire bats (D:3)
  2 spectral bats (D:3)
  4 ball pythons
  3 bat skeletons (D:3)
  A bat zombie (D:3)
  8 endoplasms
  3 giant cockroaches
  3 hobgoblins (D:2)
  3 quokkas
  11 bats
  A bat simulacrum (D:3)
  A frilled lizard (D:2)
  6 goblins
  5 kobolds
  8 rats
78 creatures vanquished.

Notes
Turn   | Place    | Note
-------+----------+-------------------------------------------
     0 | D:1      | BearFiend the Draconian Transmuter began the quest for the
                  | Orb.
     0 | D:1      | Reached XP level 1. HP: 16/16 MP: 3/3
   302 | D:1      | Reached XP level 2. HP: 24/24 MP: 3/5
   306 | D:1      | Learned a level 2 spell: Wereblood
  1217 | D:2      | Reached skill level 1 in Ice Magic
  1217 | D:2      | Reached XP level 3. HP: 24/29 MP: 6/6
  1397 | D:2      | Found Lyckul's Armour Shop.
  1435 | D:2      | Found a shadowy altar of Dithmenos.
  1513 | D:2      | Found a faded altar of an unknown god.
  2070 | D:2      | Reached XP level 4. HP: 37/37 MP: 7/7
  2709 | D:3      | Reached XP level 5. HP: 43/46 MP: 8/8
  3010 | D:4      | Reached XP level 6. HP: 33/53 MP: 9/9
  3551 | D:4      | Reached skill level 5 in Fighting
  3551 | D:4      | Reached skill level 5 in Transmutations
  3551 | D:4      | Your scales start taking on a lurid green colour.
  3551 | D:4      | Reached XP level 7. HP: 61/61 MP: 10/10
  3551 | D:4      | Gained mutation: Your system is resistant to poisons.
                  | (rPois) [Green Draconian growth]
  3551 | D:4      | Quit the game

Illustrated notes

Levels and vault maps discovered:
D:1:      spicycebolla_arrival_transporter_tutorial, layout_loops_ring,
          feat_on_display
D:2:      layout_loops_cross, basic_altar, chequers_ecumenical_altar_simple,
          serial_shops, nicolae_shop_waterfront
D:3:      layout_loops_ring, goddamned_bats
D:4:      layout_rooms, due_unseen_surprise, uniq_duvessa

Skill      XL: |  1  2  3  4  5  6 |
---------------+-------------------+-----
Fighting       | 2 3 4 5 |  5.2
Ice Magic      | 1 2 3 |  3.0
Transmutations | 3 4 5 |  5.0
Dodging        | |  1.7
Unarmed Combat | |  3.0
Spellcasting   | |  2.0

Action                   |  1- 3 |  4- 6 |  7- 9 || total
-------------------------+-------+-------+-------++-------
Melee: Unarmed           |    98 |   114 |       ||   212
       Tailslap          |    10 |    13 |       ||    23
       Kick              |    20 |    27 |       ||    47
       Headbutt          |    14 |    12 |       ||    26
       Punch             |     1 |     1 |       ||     2
 Cast: Beastly Appendage |    34 |    17 |       ||    51
       Wereblood         |     1 |     3 |       ||     4
  Use: Scroll            |     4 |     2 |       ||     6
       Potion            |       |     1 |       ||     1
Armor: Skin              |    24 |    87 |       ||   111
Dodge: Dodged            |    43 |   135 |       ||   178

Table legend: (Time is in decaauts)
 A = Elapsed time spent in this place.
 B = Non-inter-level travel time spent in this place.
 C = Inter-level travel time spent in this place.
 D = Time resting spent in this place.
 E = Time spent auto-exploring this place.
 F = Levels seen in this place.
 G = Mean time per level.
                   A        B        C        D        E       F      G
               +--------+--------+--------+--------+--------+-----+--------+
         Total |   3540 |   3434 |    106 |    262 |   2552 |   4 |  885.0 |
       Dungeon |   3540 |   3434 |    106 |    262 |   2552 |   4 |  885.0 |
               +--------+--------+--------+--------+--------+-----+--------+

Top non-repeatable levels by time:
     D:2: 1094 daAuts
     D:1: 1067 daAuts
     D:3: 932 daAuts
     D:4: 447 daAuts
